AoeStats
← sesquipedalia

Oasis

508156826Analyzed
4v4 RM · 10d ago on Sep 21, 2026· 26m 51s· 8 players
Game mode
Random Map
Map size
Large (8 player)
Population
200
Speed
Normal
Resources
Standard
Victory
Conquest
Starting age
Dark Age
Ending age
Imperial Age
RankedLock teamsTeams togetherTeam positionsShared explorationLock speedFull tech treeHidden civsTurbo modeCheats
Victory
Defeat
🇯🇵 Saracens · Japan
1719
+8
🇨🇳 Byzantines · China
1668
+10
🇧🇷 Khmer · Brazil
1555
+14
1553
+14
🇺🇸 Britons · United States
1718
-19
🇺🇸 Dravidians · United States
1522
-11
🇺🇸 Khmer · United States
1444
-9
🇺🇸 Persians · United States
1399
-7
老楊默默地吃了熱香蕉泡麵
5:55 Loom
8:25 Feudal Age
9:32 Double-Bit Axe
10:37 Horse Collar
19:01 Wheelbarrow
18:51 Scale Barding Armor
19:51 Forging
22:58 Castle Age
22:05 Gold Mining
22:50 Bloodlines
23:55 Bow Saw
23:52 Heavy Plow
25:27 Chain Barding Armor
27:36 Iron Casting
Perseu
6:42 Loom
8:44 Feudal Age
9:24 Double-Bit Axe
10:29 Horse Collar
16:45 Scale Barding Armor
19:02 Forging
22:03 Castle Age
20:18 Gold Mining
20:51 Bloodlines
23:02 Bow Saw
23:45 Chain Barding Armor
happy gay
5:30 Loom
8:31 Feudal Age
12:36 Double-Bit Axe
14:36 Fletching
23:13 Castle Age
21:41 Padded Archer Armor
21:39 Gold Mining
23:17 Crossbowman
24:00 Bodkin Arrow
26:00 Ballistics
Izumi Yuki
5:41 Loom
5:47 Loom
9:04 Feudal Age
12:47 Fletching
19:40 Wheelbarrow
19:52 Wheelbarrow
19:18 Padded Archer Armor
22:56 Castle Age
21:43 Horse Collar
22:57 Crossbowman
23:33 Bodkin Arrow
NUBSINC
5:52 Loom
8:42 Feudal Age
9:19 Double-Bit Axe
24:17 Castle Age
23:10 Scale Barding Armor
23:16 Forging
25:10 Bloodlines
26:35 Husbandry
Lord Aubergine
6:24 Loom
9:01 Feudal Age
12:25 Fletching
19:40 Padded Archer Armor
19:27 Double-Bit Axe
26:04 Castle Age
JonnyTheMonkey
9:02 Feudal Age
9:39 Double-Bit Axe
9:47 Loom
14:41 Fletching
17:10 Padded Archer Armor
26:22 Wheelbarrow
sesquipedalia
10:25 Feudal Age
10:58 Loom
12:28 Double-Bit Axe
15:42 Horse Collar
17:12 Scale Barding Armor
18:36 Forging
20:00 Bloodlines
24:31 Wheelbarrow
27:06 Castle Age
Connection lost

Rejoining the realm…

Still unreachable

The connection could not be restored.

Session expired

The server has moved on; the page needs a fresh start.